 Dungeon Crawl Stone Soup version 0.25-a0-934-g041635d5d1 (webtiles) character file.

Game seed: 3647265182569500853, levelgen mode: deterministic

91 Anathary the Skirmisher (level 4, -1/44 HPs)
             Began as a Naga Fighter on May 4, 2020.
             Slain by an adder (3 damage)
             ... on level 2 of the Dungeon.
             The game lasted 00:03:35 (1482 turns).

Anathary the Skirmisher (Naga Fighter)              Turns: 1482, Time: 00:03:35

Health: -1/44      AC:  4    Str: 19    XL:     4   Next: 59%
Magic:  4/4        EV:  5    Int:  8    God:
Gold:   58         SH:  8    Dex: 11    Spells: 3/3 levels left

rFire    . . .     SeeInvis +   a - +0 long sword
rCold    . . .     Gourm    .   c - +0 kite shield
rNeg     . . .     Faith    .   b - +0 scale mail
rPois    +         Spirit   .   (no helmet)
rElec    .         Reflect  .   (no cloak)
rCorr    .         Harm     .   (no gloves)
MR       .....                  (no barding)
Stlth    ..........             (no amulet)
HPRegen  0.14/turn              (no ring)
MPRegen  0.09/turn              (no ring)

@: lethally poisoned (-1 -> -5), very slow
A: large, see invisible, deformed body, poison resistance, slowness 2, slow
metabolism 1, spit poison 1, AC +1
a: Spit Poison


You were on level 2 of the Dungeon.
You were not hungry.

You visited 1 branch of the dungeon, and saw 2 of its levels.

You collected 58 gold pieces.

Inventory:

Hand Weapons
 a - a +0 long sword (weapon)
Armour
 b - a +0 scale mail (worn)
 c - a +0 kite shield (worn)
Scrolls
 e - a scroll of immolation {unknown}
 h - 2 scrolls of noise {unknown}
 i - 2 scrolls of identify {unknown}
Potions
 d - a potion of might


   Skills:
 + Level 4.1 Fighting
 + Level 3.2 Long Blades
 - Level 2.4 Armour
 + Level 1.0 Dodging
 - Level 2.4 Shields


You had 3 spell levels left.
You didn't know any spells.
Your spell library was empty.

Dungeon Overview and Level Annotations

Branches:
Dungeon (2/15)

Altars:


Innate Abilities, Weirdness & Mutations

You cannot wear boots.
Your serpentine skin is tough. (AC +1)
You have supernaturally acute eyesight. (SInv)
Armour fits poorly on your strangely shaped body.
Your system is resistant to poisons. (rPois)
You cover ground very slowly.
You have a slow metabolism.
You can spit poison.


Message History

You have reached level 4!
You feel agile.
You feel sick.
The adder bites you. x2; The adder completely misses you.
You riposte.
You miss the adder. The adder bites you.
* * * LOW HITPOINT WARNING * * *
You closely miss the adder. You block the adder's attack.
The adder bites you but does no damage. The adder bites you.
* * * LOW HITPOINT WARNING * * *
The adder bites you.
* * * LOW HITPOINT WARNING * * *
You are lethally poisoned!
The adder poisons you!
You miss the adder.
* * * LOW HITPOINT WARNING * * *
You feel sick. The adder barely misses you. The adder bites you.
* * * LOW HITPOINT WARNING * * *
A goblin comes into view.
You block the adder's attack. The adder bites you but does no damage.
You miss the adder. The adder bites you.
You die...

.# ##.#
#..##.#.<. ...#
#.####
##.##..### #..
#....#
#.###....
#.###.##.# #.#
##### .
#......#.# #..
..##........##
###
#...).[......##
#....S.......#
#....S@...(...#
##..........#.#
#...%......#.#
##.......#...#
#.........#...
#.............
#.............
............g


You could see 2 adders and a goblin.

Vanquished Creatures
  A howler monkey (D:2)
  An adder (D:2)
  2 oozes (D:1)
  2 dart slugs
  A leopard gecko (D:1)
  2 giant cockroaches (D:1)
  4 goblins (D:1)
  3 hobgoblins (D:1)
  3 jackals (D:1)
  2 kobolds (D:1)
  2 ball pythons (D:1)
  5 bats (D:1)
  3 rats (D:1)
31 creatures vanquished.

Notes
Turn   | Place    | Note
-------+----------+-------------------------------------------
     0 | D:1      | Anathary the Naga Fighter began the quest for the Orb.
     0 | D:1      | Reached XP level 1. HP: 21/21 MP: 1/1
   165 | D:1      | Reached XP level 2. HP: 20/28 MP: 2/2
   588 | D:1      | Reached XP level 3. HP: 31/34 MP: 3/3
  1479 | D:2      | Reached skill level 4 in Fighting
  1479 | D:2      | Reached skill level 1 in Dodging
  1479 | D:2      | Reached XP level 4. HP: 19/44 MP: 4/4
  1481 | D:2      | HP: 2/44 [adder (2)]
  1482 | D:2      | Slain by an adder

Levels and vault maps discovered:
D:1:      lemuel_arrival_funnel, layout_basic, st_stairs_4
D:2:      layout_rooms, first_ration, grunt_ministairs_10

Skill      XL: |  1  2  3 |
---------------+----------+-----
Fighting       | 4 |  4.1
Long Blades    | 3 |  3.2
Dodging        | 1 |  1.0
Armour         | |  2.4
Shields        | |  2.4

Action                   |  1- 3 |  4- 6 || total
-------------------------+-------+-------++-------
Melee: Long sword        |    98 |     3 ||   101
  Eat: Ration            |     1 |       ||     1
Armor: Scale mail        |    82 |     2 ||    84
Dodge: Dodged            |    30 |     2 ||    32
Block: Kite shield       |    74 |     2 ||    76
       Rpst.: Long sword |    12 |     1 ||    13

Table legend:
 A = Non-vault XP
 B = Vault XP
 C = Vault XP percentage of total XP
 D = Non-vault monster count
 E = Vault monster count
 F = Vault count percentage of total count
                 A         B        C        D         E       F
            +---------+---------+-------+---------+---------+-------
      Total |     130 |       1 |   0.8 |      30 |       1 |   3.2
            +---------+---------+-------+---------+---------+-------
        D:1 |      58 |       1 |   1.7 |      27 |       1 |   3.6
        D:2 |      72 |       0 |   0.0 |       3 |       0 |   0.0
            +---------+---------+-------+---------+---------+-------
